 Dungeon Sprint DCSS version 0.30-a0-920-g7493c07aab (webtiles) character file.

Game seed: 9948216745812460930

131 Atreus the Trooper (level 4, -4/72 HPs)
             Began as an Armataur Berserker on Mar 21, 2023.
             Was a Priest of Trog.
             Slain by a deep elf pyromancer
             ... wielding a +1 long sword of holy wrath
              (5 damage)
             ... in the Dungeon (Sprint III: "The Ten Rune Challenge").
             The game lasted 00:01:32 (333 turns).

Atreus the Trooper (Armataur Berserker)              Turns: 333, Time: 00:01:33

Health: -4/72      AC:  5    Str: 25    XL:     4   Next: 91%
Magic:  4/4        EV:  9    Int:  7    God:    Trog [***...]
Gold:   29         SH:  0    Dex:  9    Spells: 3/3 levels left

rFire   . . .      SeeInvis .    a - +0 hand axe
rCold   . . .      Faith    .    (no shield)
rNeg    . . .      Spirit   .    b - +0 animal skin
rPois   .          Reflect  .    (no helmet)
rElec   .          Roll     +    i - +0 cloak
rCorr   .          NoTele   +    (no gloves)
Will    .....                    (no barding) Stlth
                                 (no amulet)
HPRegen 0.32/turn                (no ring)
MPRegen 0.09/turn                (no ring)

@: berserking, very quick
A: large, rugged brown scales 3, deformed body, armoured tail, roll, long
tongue, awkward tongue, wild magic 2
a: Renounce Religion, Berserk, Trog's Hand


You were in the Dungeon.
You worshipped Trog.
Trog was most pleased with you.
You visited 1 branch You collected 29 gold pieces.

Inventory:

Hand Weapons
 a - a +0 hand axe (weapon)
Armour
 b - a +0 animal skin (worn)
 i - a +0 cloak (worn)
Scrolls
 h - a scroll of blinking
 j - 2 scrolls of poison
 k - 3 scrolls of identify
Potions
 c - a potion of curing
 d - a potion of heal wounds
 e - a potion of haste
 f - 2 potions of magic
 g - a potion of berserk rage
 l - 2 potions of flight


   Skills:
 + Level 6.4 Fighting
 + Level 5.9 Axes
 + Level 4.3 Armour
 - Level 1.3 Dodging
 + Level 2.2 Stealth


You had 3 spell levels left.
You didn't know any spells.
Your spell library was empty.

Dungeon Overview and Level Annotations

Branches:
Dungeon (1/1)

Altars:
Elyvilon
Zin
The Shining One


Innate Abilities, Weirdness & Mutations

You are completely covered in rugged brown scales. (AC +3, +7% HP)
Armour fits poorly on your strangely shaped body.
You have a long armoured tail.
You roll when moving toward enemies. (Rampage)
Your long tongue fully drains potion bottles. (2x potion effects)
Your tongue gives you trouble enunciating. (1.5x scroll delay)
Your spells are harder to cast, but more powerful.


Message History

You closely miss the fire elemental. You hit the fire elemental.
The deep elf pyromancer casts a spell.
The fire elemental hits you. The fire elemental burns you!
The fire elemental completely misses you.
A red film seems to cover your vision as you go berserk!
You feel yourself moving faster!
You feel mighty!
The fire elemental disappears in a puff of smoke!
The fire elemental misses you. The fire elemental hits you.
The fire elemental burns you!
The deep elf pyromancer hits you but does no damage.
The fire elemental hits you. The fire elemental burns you!
You are too injured to fight recklessly!
You are too injured to fight recklessly!
You are too injured to fight recklessly!
You are too injured to fight recklessly!
You are too injured to fight recklessly!
You are too injured to fight recklessly!
You are too injured to fight recklessly!
You are too injured to fight recklessly!
You are too injured to fight recklessly!
You are too injured to fight recklessly!
You are too injured to fight recklessly!
You are too injured to fight recklessly!
You are too injured to fight recklessly!
You are too injured to fight recklessly!
You are too injured to fight recklessly!
You closely miss the deep elf pyromancer.
The deep elf pyromancer is lightly wounded.
You hit the fire elemental. You barely miss the fire elemental.
You miss the fire elemental. The fire elemental hits you.
The fire elemental burns you!
* * * LOW HITPOINT WARNING * * *
The fire elemental hits you. The fire elemental burns you!
* * * LOW HITPOINT WARNING * * *
The fire elemental hits you.
* * * LOW HITPOINT WARNING * * *
The fire elemental burns you!
* * * LOW HITPOINT WARNING * * *
The deep elf pyromancer hits you with a +1 long sword of holy wrath.
You die...

▓▓▓▓▓▓▓ ▓▓▓ ..'...♣♣♣
♣.##### ..#.....♣ ♣.#EE§#
###.....♣♣ ♣.#e@.#
..#....~.♣♣♣♣.###E#+###+#
..#...~~.♣.♣..#..........
..#..~~~~.)♣♣.'.⌠........
#'#..~≈≈~~~...#...######+
.)#.~~≈~~~....#.⌠.#
..#.~≈~~~.....#...#
..#.~~~.......#+###
###...........#


You could see a deep elf pyromancer and 3 fire elementals.

Vanquished Creatures
  A water elemental (D)
  Crazy Yiuf (D)
  Jessica (D)
  A human (D)
  An endoplasm (D)
  2 rats (D)
7 creatures vanquished.

Notes
Turn   | Place    | Note
-------+----------+-------------------------------------------
     0 | D        | Atreus the Armataur Berserker began the quest for the Orb.
     0 | D        | Reached XP level 1. HP: 19/19 MP: 1/1
     6 | D        | Reached skill level 3 in Fighting
    11 | D        | Noticed Jessica
    13 | D        | Killed Jessica
    13 | D        | Reached ** piety under Trog
    14 | D        | Reached skill level 4 in Fighting
    14 | D        | Reached skill level 1 in Stealth
    14 | D        | Reached XP level 2. HP: 29/29 MP: 2/2
    17 | D        | Reached XP level 3. HP: 36/36 MP: 3/3
   108 | D        | Noticed Crazy Yiuf
   117 | D        | Paralysed by Crazy Yiuf for 3 turns
   121 | D        | Killed Crazy Yiuf
   122 | D        | Reached skill level 5 in Fighting
   122 | D        | Reached skill level 5 in Axes
   122 | D        | Reached XP level 4. HP: 28/44 MP: 4/4
   247 | D        | Gained mutation: You are partially covered in iridescent
                  | scales. (AC +2) [potion of mutation]
   247 | D        | Gained mutation: You have large cloven feet. [potion of
                  | mutation]
   247 | D        | Gained mutation: You occasionally lose the ability to read
                  | scrolls when taking damage. [potion of mutation]
   247 | D        | Gained mutation: You have very sharp teeth. [potion of
                  | mutation]
   247 | D        | Gained mutation: You have a somewhat thin skeletal
                  | structure. (Dex +2, Stealth+) [potion of mutation]
   248 | D        | Lost mutation: You have large cloven feet. [potion of
                  | mutation]
   248 | D        | Lost mutation: You have a somewhat thin skeletal structure.
                  | (Dex +2, Stealth+) [potion of mutation]
   248 | D        | Lost mutation: You are partially covered in iridescent
                  | scales. (AC +2) [potion of mutation]
   248 | D        | Lost mutation: You occasionally lose the ability to read
                  | scrolls when taking damage. [potion of mutation]
   248 | D        | Lost mutation: You have very sharp teeth. [potion of
                  | mutation]
   248 | D        | Gained mutation: You possess an exceptional clarity of
                  | mind. [potion of mutation]
   248 | D        | Gained mutation: Your spells are a little harder to cast,
                  | but a little more powerful. [potion of mutation]
   248 | D        | Gained mutation: You are partially covered in iridescent
                  | scales. (AC +2) [potion of mutation]
   248 | D        | Gained mutation: Your mind is acute. (Int +4, Str/Dex -1)
                  | [potion of mutation]
   248 | D        | Gained mutation: You have a pair of small horns on your
                  | head. [potion of mutation]
   249 | D        | Lost mutation: Your spells are a little harder to cast, but
                  | a little more powerful. [potion of mutation]
   249 | D        | Lost mutation: Your mind is acute. (Int +4, Str/Dex -1)
                  | [potion of mutation]
   249 | D        | Lost mutation: You are partially covered in iridescent
                  | scales. (AC +2) [potion of mutation]
   249 | D        | Lost mutation: You possess an exceptional clarity of mind.
                  | [potion of mutation]
   249 | D        | Gained mutation: You have a pair of horns on your head.
                  | [potion of mutation]
   249 | D        | Gained mutation: Your flesh is cold resistant. (rC+)
                  | [potion of mutation]
   249 | D        | Gained mutation: You have sharp toenails. [potion of
                  | mutation]
   249 | D        | Lost mutation: You have sharp toenails. [potion of
                  | mutation]
   249 | D        | Gained mutation: You are partially covered in iridescent
                  | scales. (AC +2) [potion of mutation]
   249 | D        | Gained mutation: You are agile. (Dex +4, Str/Int -1)
                  | [potion of mutation]
   250 | D        | Lost mutation: Your flesh is cold resistant. (rC+) [potion
                  | of mutation]
   250 | D        | Lost mutation: You are partially covered in iridescent
                  | scales. (AC +2) [potion of mutation]
   250 | D        | Lost mutation: You have a pair of horns on your head.
                  | [potion of mutation]
   250 | D        | Lost mutation: You have a pair of small horns on your head.
                  | [potion of mutation]
   250 | D        | Lost mutation: You are agile. (Dex +4, Str/Int -1) [potion
                  | of mutation]
   250 | D        | Gained mutation: You expend magic power (3 MP) to
                  | strengthen your wands. [potion of mutation]
   250 | D        | Gained mutation: You have hidden genetic potential. [potion
                  | of mutation]
   250 | D        | Gained mutation: Your tail ends in a venomous barb. [potion
                  | of mutation]
   250 | D        | Gained mutation: You are robust. (+10% HP) [potion of
                  | mutation]
   250 | D        | Gained mutation: You are partially covered in iridescent
                  | scales. (AC +2) [potion of mutation]
   250 | D        | Gained mutation: You occasionally lose the ability to read
                  | scrolls when taking damage. [potion of mutation]
   250 | D        | Gained mutation: You have a beak for a mouth. [potion of
                  | mutation]
   251 | D        | Lost mutation: You are robust. (+10% HP) [potion of
                  | mutation]
   251 | D        | Lost mutation: You are partially covered in iridescent
                  | scales. (AC +2) [potion of mutation]
   251 | D        | Lost mutation: You expend magic power (3 MP) to strengthen
                  | your wands. [potion of mutation]
   251 | D        | Lost mutation: You occasionally lose the ability to read
                  | scrolls when taking damage. [potion of mutation]
   251 | D        | Lost mutation: Your tail ends in a venomous barb. [potion
                  | of mutation]
   251 | D        | Lost mutation: You have hidden genetic potential. [potion
                  | of mutation]
   251 | D        | Gained mutation: You have sharp toenails. [potion of
                  | mutation]
   251 | D        | Gained mutation: Your spells are a little harder to cast,
                  | but a little more powerful. [potion of mutation]
   251 | D        | Gained mutation: You occasionally lose the ability to drink
                  | potions when taking damage. [potion of mutation]
   251 | D        | Lost mutation: You occasionally lose the ability to drink
                  | potions when taking damage. [potion of mutation]
   251 | D        | Lost mutation: You have sharp toenails. [potion of
                  | mutation]
   251 | D        | Lost mutation: You have a beak for a mouth. [potion of
                  | mutation]
   251 | D        | Gained mutation: Your spells are harder to cast, but more
                  | powerful. [potion of mutation]
   287 | D        | Noticed a water elemental
   293 | D        | Killed a water elemental
   293 | D        | Reached *** piety under Trog
   294 | D        | Reached skill level 6 in Fighting
   326 | D        | Found a glowing silver altar of Zin.
   326 | D        | Found a glowing golden altar of the Shining One.
   326 | D        | Found a white marble altar of Elyvilon.
   327 | D        | Noticed a deep elf pyromancer
   331 | D        | Noticed a fire elemental
   331 | D        | Noticed a fire elemental
   332 | D        | Noticed a fire elemental
   332 | D        | Noticed a fire elemental
   333 | D        | HP: 1/72 [fire elemental[a deep elf pyromancer] (8)]
   333 | D        | Slain by a deep elf pyromancer

Illustrated notes

Levels and vault maps discovered:
D:        dungeon_sprint_mu [sprint_mu_entry_forest, sprint_mu_temple_rooms,
          sprint_mu_d1_spiders, sprint_mu_d2_genie, sprint_mu_d3_branching,
          sprint_mu_orc_legion, sprint_mu_elf_gauntlet, sprint_mu_hive_nellie,
          sprint_mu_lair_fedhas, sprint_mu_vaults_butterflies,
          sprint_mu_slime_circle, sprint_mu_shoals_kraken,
          sprint_mu_snake_twists, sprint_mu_blade_basic,
          sprint_mu_crypt_chambers, sprint_mu_tomb_spiral,
          sprint_mu_vestibule_basic, sprint_mu_gehenna_hellfire,
          sprint_mu_dis_giant, sprint_mu_tartarus_statrot,
          sprint_mu_cocytus_islands, sprint_mu_zot1]

Skill      XL: |  1  2  3  4 |
---------------+-------------+-----
Fighting       | 4 5 6 |  6.4
Axes           | 4 5 |  5.9
Armour         | 3 4 |  4.3
Stealth        | 1 2 |  2.2
Dodging        | |  1.3

Action                     |  1- 3 |  4- 6 || total
---------------------------+-------+-------++-------
  Melee: Hand axe          |    19 |     9 ||    28
         Tailslap          |     4 |       ||     4
 Invoke: Berserk           |     1 |     2 ||     3
    Use: Potion            |       |     6 ||     6
         Scroll            |       |     1 ||     1
   Stab: Sleeping          |     1 |       ||     1
 Armour: Animal skin       |     3 |     6 ||     9
  Dodge: Dodged            |     6 |     6 ||    12

Table legend: (Time is in decaauts)
 A = Elapsed time spent in this place.
 B = Non-inter-level travel time spent in this place.
 C = Inter-level travel time spent in this place.
 D = Time resting spent in this place.
 E = Time spent auto-exploring this place.
 F = Levels seen in this place.
 G = Mean time per level.
                   A        B        C        D        E       F      G
               +--------+--------+--------+--------+--------+-----+--------+
         Total |    353 |    353 |      0 |    187 |     16 |   1 |  353.0 |
       Dungeon |    353 |    353 |      0 |    187 |     16 |   1 |  353.0 |
               +--------+--------+--------+--------+--------+-----+--------+

Top non-repeatable levels by time:
       D: 353 daAuts
